 Dungeon Crawl Stone Soup version 0.20.0-15-g7f486f2 (webtiles) character file.

25419 cereshysteria the Martial Artist (level 13, -2/115 HPs)
             Began as a Naga Monk on June 19, 2017.
             Was the Champion of Cheibriados.
             Slain by an eight-headed hydra (9 damage)
             ... on level 13 of the Dungeon.
             The game lasted 00:54:58 (16352 turns).

cereshysteria the Martial Artist (Naga Monk)       Turns: 16352, Time: 00:54:59

Health: -2/115     AC: 14    Str: 32    XL:     13   Next: 19%
Magic:  19/19      EV: 16    Int: 25    God:    Cheibriados [******]
Gold:   390        SH:  0    Dex: 40    Spells: 12/12 levels left

rFire    . . .     SeeInvis +     - Unarmed
rCold    . . .     Gourm    .   e - +2 shield
rNeg     . . .     Faith    .   a - +1 robe
rPois    +         Spirit   .   z - +1 hat
rElec    .         Reflect  .   r - scarf "Marem" {Regen+}
rCorr    .         Harm     .   v - +0 pair of gloves
MR       +....                  q - +2 naga barding
Stlth    ++++......             A - amulet of regeneration
Regen    1.1/turn               F - +2 ring of dexterity
MPRegen  0.2/turn               y - ring of stealth

@: confused, agile, very slow
A: see invisible, deformed body, poison resistance, slowness 2, slow metabolism
1, spit poison 2, strong 1, evolution 1, constrict 1, AC +4
a: Breathe Poison Gas, Bend Time, Temporal Distortion, Slouch, Step From Time,
Renounce Religion


You were on level 13 of the Dungeon.
You worshipped Cheibriados.
Cheibriados was exalted by your worship.
You were hungry.

You visited 2 branches of the dungeon, and saw 15 of its levels.
You also visited: Bailey.

You collected 836 gold pieces.
You spent 446 gold pieces at shops.

Inventory:

Hand Weapons
 s - the +3 war axe "Newtslayer" {chop, Fragile rElec rN+++ Int-2}
   (You found it on level 7 of the Dungeon)

   It inflicts extra damage upon your enemies.
   It affects your intelligence (-2).
   It insulates you from electricity.
   It renders you almost immune to negative energy.
   It will be destroyed if unequipped.
Missiles
 C - 40 tomahawks of returning
Armour
 a - a +1 robe (worn)
 d - a +0 chain mail of cold resistance
 e - a +2 shield (worn)
 l - a +1 hat
 q - a +2 naga barding (worn)
 r - the scarf "Marem" (worn) {Regen+}
   (You acquired it on level 9 of the Dungeon)

   It increases your rate of regeneration.
 v - a +0 pair of gloves (worn)
 w - a scarf of cloud immunity
 z - a +1 hat (worn)
 L - a +1 scale mail of fire resistance
Jewellery
 h - an uncursed amulet of the gourmand
 y - a ring of stealth (right hand)
 A - an amulet of regeneration (around neck)
 F - a +2 ring of dexterity (left hand)
 G - an uncursed amulet of harm
Wands
 u - a wand of polymorph (24/24)
 H - a wand of flame (35/48)
 K - a wand of lightning (7/15)
 M - a wand of iceblast (9/15)
 N - a wand of paralysis (12/24)
 R - a wand of polymorph (14/24)
Scrolls
 g - 3 scrolls of recharging
 j - 7 scrolls of identify
 k - 9 scrolls of remove curse
 p - a scroll of magic mapping
 E - a scroll of amnesia
 O - a scroll of enchant weapon
Potions
 b - a potion of brilliance
 i - 3 potions of magic
 n - 2 potions of flight
 B - 7 potions of curing
 D - 2 potions of haste
Books
 m - a book of Maledictions

   Spells                             Type                      Level
   a - Corona                         Hexes                        1
   b - Ensorcelled Hibernation        Hexes/Ice                    2
   c - Confuse                        Hexes                        3
   d - Tukima's Dance                 Hexes                        3
   e - Dazzling Spray                 Conjuration/Hexes            3
 I - a book of Minor Magic

   Spells                             Type                      Level
   a - Magic Dart                     Conjuration                  1
   b - Blink                          Translocation                2
   c - Call Imp                       Summoning                    2
   d - Slow                           Hexes                        2
   e - Conjure Flame                  Conjuration/Fire             3
   f - Mephitic Cloud                 Conjuration/Poison/Air       3
Miscellaneous
 P - a phial of floods
 Q - a fan of gales
Comestibles
 c - 3 royal jellies (quivered)
 f - 4 meat rations
 o - 27 fruits
 x - 9 bread rations


   Skills:
 + Level 7.0 Fighting
 + Level 1.4 Armour
 - Level 2.9 Dodging
 - Level 3.0 Stealth
 + Level 9.3 Shields
 + Level 14.4 Unarmed Combat
 - Level 6.4 Invocations
 + Level 8.1 Evocations


You had 12 spell levels left.
You didn't know any spells.

Dungeon Overview and Level Annotations

Branches:
Dungeon (14/15)            Temple (1/1) D:7            Lair (0/6) D:11
 Vaults (0/5) D:13
    Orc: D:9-12

Altars:
Ashenzari
Cheibriados
Dithmenos
Elyvilon
Fedhas
Gozag
Hepliaklqana
Kikubaaqudgha
Makhleb
Nemelex Xobeh
Okawaru
Qazlal
Ru
Sif Muna
Trog
Uskayaw
Vehumet
Xom
Yredelemnul
Zin
The Shining One

Shops:
D:8 *!   D:9 *   D:11 !

Annotations:
D:11 exclusion: oklob plant


Innate Abilities, Weirdness & Mutations

You cannot wear boots.
Your serpentine skin is tough. (AC +4)
You have supernaturally acute eyesight. (SInv)
Armour fits poorly on your strangely shaped body.
Your system is resistant to poisons. (rPois)
You cover ground very slowly.
You have a slow metabolism.
You can exhale a cloud of poison.
You can use your snake-like lower body to constrict enemies.
Your muscles are strong. (Str +2)
You evolve.


Message History

The eight-headed hydra bites you but does no damage. x2
The eight-headed hydra bites you!
* * * LOW HITPOINT WARNING * * *
The eight-headed hydra completely misses you.
A wyvern comes into view.
Things that are here:
an arrow; a +0 troll leather armour; a troll corpse You're too confused!
You're too confused!
The wyvern hisses angrily.
You punch the eight-headed hydra!
The eight-headed hydra is heavily wounded.
The eight-headed hydra bites you but does no damage.
The eight-headed hydra bites you.
* * * LOW HITPOINT WARNING * * *
The eight-headed hydra barely misses you.
The eight-headed hydra bites you!
* * * LOW HITPOINT WARNING * * *
The eight-headed hydra bites you!
You die...

##################
..................
....
..................
....
..................
....
.......D@.c.......
....
.......(.......#..
....
....(.(...†l......
....
..................
....
..................
....
...#######.##.####
.... .. ... ...
.... . .#. ...
.... .#.. ..


You could see an eight-headed hydra, a wyvern and a centaur.

Vanquished Creatures
  A hydra (D:14)
  4 two-headed ogres
  A centaur warrior (D:14)
  An unseen horror (D:13)
  A wolf spider zombie (D:14)
  2 manticores
  2 guardian serpents
  The ghost of anfisbena the Carver, a novice VSFi (D:6)
  3 gargoyles
  Psyche (D:12)
  A komodo dragon (D:13)
  A kobold demonologist (D:12)
  7 trolls
  3 hornets
  3 slime creatures (D:14)
  3 hippogriffs
  A shadow (D:14)
  A vampire (D:9)
  6 wraiths
  12 humans (D:13)
  3 wyverns (D:12)
  17 yaks
  4 hungry ghosts
  An acid dragon (D:12)
  A water moccasin (D:14)
  4 orc warriors
  2 sky beasts
  4 ice beasts
  3 black bears
  A necrophage (D:13)
  6 ogres
  2 phantoms
  3 centaurs
  2 big kobolds
  7 bullfrogs
  2 gnoll sergeants
  A wyvern zombie (D:10)
  A wyvern skeleton (D:13)
  A water moccasin zombie (D:8)
  4 scorpions
  12 killer bees
  11 wights
  2 electric eels (D:6)
  5 howler monkeys
  A bullfrog zombie (D:6)
  7 crimson imps
  9 hounds
  2 centaur zombies
  4 jellies
  2 quasits (D:6)
  2 bullfrog skeletons (D:10)
  12 orc priests
  17 orc wizards
  3 centaur skeletons
  7 iguanas
  Natasha (thrice) (D:4)
  13 worker ants
  A hound zombie (D:6)
  A worker ant zombie (D:5)
  17 gnolls
  15 adders
  A howler monkey skeleton (D:4)
  4 shadow imps
  3 oozes
  2 adder zombies
  3 worms
  3 dart slugs
  6 leopard geckos
  68 orcs
  2 ball pythons
  6 bats
  3 giant cockroaches
  8 goblins
  14 hobgoblins
  20 jackals
  3 quokkas
  3 frilled lizards
  18 kobolds
  A leopard gecko skeleton (D:4)
  A quokka skeleton (D:8)
  10 rats
449 creatures vanquished.

Vanquished Creatures (others)
  A centaur zombie (D:14)
  A frilled lizard (D:6)
  A plant (D:11)
3 creatures vanquished.

Grand Total: 452 creatures vanquished

Notes
Turn   | Place    | Note
-------+----------+-------------------------------------------
     0 | D:1      | cereshysteria the Naga Monk began the quest for the Orb.
     0 | D:1      | Reached XP level 1. HP: 21/21 MP: 1/1
   233 | D:1      | Reached XP level 2. HP: 28/28 MP: 2/2
   707 | D:1      | Reached XP level 3. HP: 23/34 MP: 3/3
  1010 | D:2      | Found an ancient bone altar of Kikubaaqudgha.
  1740 | D:2      | Reached skill level 4 in Unarmed Combat
  1740 | D:2      | Reached XP level 4. HP: 34/42 MP: 4/4
  2140 | D:3      | Found a sparkling altar of Nemelex Xobeh.
  2429 | D:3      | Gained mutation: You evolve. [potion of mutation]
  2429 | D:3      | Gained mutation: You are clumsy. (Dex -2) [potion of mutation]
  2429 | D:3      | Gained mutation: You possess an exceptional clarity of mind. [potion of mutation]
  2429 | D:3      | Gained mutation: Your muscles are strong. (Str +2) [potion of mutation]
  2819 | D:3      | Lost mutation: You possess an exceptional clarity of mind. [evolution]
  3118 | D:4      | Reached skill level 1 in Shields
  3118 | D:4      | Reached XP level 5. HP: 42/49 MP: 5/5
  3175 | D:4      | Reached skill level 5 in Unarmed Combat
  3318 | D:4      | Reached XP level 6. HP: 56/56 MP: 6/6
  3506 | D:4      | Noticed Natasha
  3513 | D:4      | Killed Natasha
  3535 | D:4      | Reached skill level 6 in Unarmed Combat
  3615 | D:4      | Noticed Natasha
  3620 | D:4      | Killed Natasha
  3815 | D:4      | Noticed Natasha
  3831 | D:4      | Killed Natasha
  3983 | D:4      | Reached XP level 7. HP: 62/62 MP: 7/7
  4017 | D:4      | Gained mutation: You are robust. (+10% HP) [evolution]
  4091 | D:4      | Reached skill level 7 in Unarmed Combat
  4293 | D:5      | Entered Level 5 of the Dungeon
  4954 | D:5      | Reached XP level 8. HP: 64/75 MP: 8/8
  5191 | D:5      | Found a white marble altar of Elyvilon.
  5805 | D:6      | Noticed anfisbena's ghost (novice VSFi)
  5820 | D:6      | Killed anfisbena's ghost
  5820 | D:6      | Reached skill level 8 in Unarmed Combat
  5965 | D:6      | Reached skill level 9 in Unarmed Combat
  6522 | D:7      | Got a steaming war axe
  6849 | D:6      | Reached XP level 9. HP: 79/83 MP: 9/9
  7943 | D:6      | Reached skill level 5 in Shields
  7943 | D:6      | Reached skill level 10 in Unarmed Combat
  8423 | D:7      | Found a staircase to the Ecumenical Temple.
  8434 | Temple   | Entered the Ecumenical Temple
  8606 | Temple   | Became a worshipper of Cheibriados the Contemplative
  8606 | Temple   | Reached * piety under Cheibriados
  8606 | Temple   | Reached ** piety under Cheibriados
  9083 | D:7      | Identified the +3 war axe "Newtslayer" {chop, Fragile rElec rN+++ Int-2} (You found it on level 7 of the Dungeon)
  9323 | D:8      | Found Iwiumm's Distillery.
  9332 | D:8      | Bought a potion of heal wounds for 55 gold pieces
  9332 | D:8      | Bought a potion of heal wounds for 55 gold pieces
  9400 | D:8      | Found a shattered altar of Ashenzari.
  9423 | D:8      | Noticed a hornet
  9427 | D:8      | Paralysed by a hornet for 3 turns
  9434 | D:8      | Killed a hornet
  9434 | D:8      | Reached skill level 11 in Unarmed Combat
  9473 | D:8      | Found a flagged portal.
  9488 | Bailey   | Entered a bailey
  9499 | Bailey   | Reached *** piety under Cheibriados
  9782 | Bailey   | Noticed an orc knight
  9953 | D:8      | Reached **** piety under Cheibriados
  9953 | D:8      | Reached skill level 1 in Invocations
  9953 | D:8      | Reached skill level 1 in Evocations
  9995 | D:8      | Noticed a two-headed ogre
 10104 | D:8      | Reached XP level 10. HP: 81/92 MP: 9/11
 10198 | D:8      | Bought a potion of heal wounds for 55 gold pieces
 10198 | D:8      | Bought 2 potions of lignification for 66 gold pieces
 10237 | D:8      | Killed a two-headed ogre
 10322 | D:8      | Reached ***** piety under Cheibriados
 10366 | D:8      | Found Dirien's Assorted Antiques.
 10391 | D:8      | Found a stormy altar of Qazlal.
 10409 | D:8      | Lost mutation: You are robust. (+10% HP) [evolution]
 10532 | D:8      | Found a radiant altar of Vehumet.
 10594 | D:8      | Reached skill level 12 in Unarmed Combat
 10602 | D:9      | Noticed a guardian serpent
 10838 | D:8      | Killed a guardian serpent
 10907 | D:9      | Identified a scroll of acquirement
 10921 | D:9      | Got a faintly humming scarf
 10932 | D:9      | Identified the scarf "Marem" {Regen+} (You acquired it on level 9 of the Dungeon)
 10936 | D:9      | Noticed a guardian serpent
 10944 | D:9      | Killed a guardian serpent
 11142 | D:9      | Found Rim Uvurr's General Store.
 11154 | D:9      | Bought a potion of heal wounds for 75 gold pieces
 11211 | D:9      | Reached XP level 11. HP: 42/90 MP: 14/14
 12026 | D:10     | Entered Level 10 of the Dungeon
 12239 | D:10     | Reached skill level 5 in Invocations
 12299 | D:10     | Noticed a two-headed ogre
 12367 | D:11     | Noticed a manticore
 12370 | D:11     | Killed a two-headed ogre
 12495 | D:10     | Reached skill level 13 in Unarmed Combat
 12720 | D:10     | Reached ****** piety under Cheibriados
 12757 | D:10     | Reached skill level 5 in Evocations
 13423 | D:11     | Killed a manticore
 13472 | D:11     | Gained mutation: You can exhale a cloud of poison. [evolution]
 13655 | D:11     | Found Poujouh's Distillery.
 13660 | D:11     | Bought a potion of heal wounds for 70 gold pieces
 13660 | D:11     | Bought a potion of heal wounds for 70 gold pieces
 13674 | D:11     | Noticed a skeletal warrior
 13674 | D:11     | Noticed a skeletal warrior
 13674 | D:11     | Noticed a skeletal warrior
 13717 | D:11     | Noticed a two-headed ogre
 13722 | D:11     | Killed a two-headed ogre
 13795 | D:11     | Found a staircase to the Lair.
 13795 | D:11     | Noticed an oklob plant
 14206 | D:12     | Reached XP level 12. HP: 58/99 MP: 16/16
 14532 | D:12     | Noticed Psyche
 14540 | D:12     | Killed Psyche
 14769 | D:12     | Lost mutation: You are clumsy. (Dex -2) [evolution]
 15067 | D:13     | Noticed an eight-headed hydra
 15209 | D:13     | Reached skill level 5 in Fighting
 15511 | D:13     | Reached skill level 14 in Unarmed Combat
 15572 | D:13     | Found a gate to the Vaults.
 15573 | D:13     | Noticed a vault guard
 15573 | D:13     | Noticed a vault guard
 15813 | D:14     | Noticed a two-headed ogre
 15819 | D:14     | Killed a two-headed ogre
 15843 | D:14     | Found a shattered altar of Ashenzari.
 16043 | D:14     | Noticed a centaur warrior
 16073 | D:14     | Killed a centaur warrior
 16073 | D:14     | Gained mutation: You can use your snake-like lower body to constrict enemies. [Naga growth]
 16073 | D:14     | Reached XP level 13. HP: 113/114 MP: 18/18
 16254 | D:14     | Reached skill level 1 in Armour
 16352 | D:13     | Slain by an eight-headed hydra

Skill      XL: |  1  2  3  4  5  6  7  8  9 10 11 12 13 |
---------------+----------------------------------------+-----
Unarmed Combat | 4 5 6 7 9 11 12 13 14 | 14.4
Shields        | 1 2 3 4 6 7 8 9 |  9.3
Invocations    | 1 4 6 |  6.4
Evocations     | 1 4 5 7 8 |  8.1
Fighting       | 6 7 |  7.0
Armour         | 1 |  1.4
Dodging        | |  2.9
Stealth        | |  3.0

Action                   |  1- 3 |  4- 6 |  7- 9 | 10-12 | 13-15 || total
-------------------------+-------+-------+-------+-------+-------++-------
Melee: Unarmed           |   127 |   237 |   502 |   842 |    64 ||  1772
       Constrict         |       |       |       |       |     8 ||     8
Throw: Throwing net      |       |     1 |       |       |       ||     1
 Abil: Spit Poison       |    13 |    34 |    35 |     7 |       ||    89
       Breathe Poison Ga |       |       |       |     2 |       ||     2
Evoke: Wand              |       |       |       |     2 |       ||     2
  Use: Potion            |     3 |     3 |    11 |     6 |     3 ||    26
       Scroll            |       |     8 |    12 |    16 |     1 ||    37
 Stab: Sleeping          |     7 |     4 |     5 |    16 |     1 ||    33
       Distracted        |       |       |     2 |     4 |     1 ||     7
  Eat: Chunk             |     3 |     5 |     6 |     1 |       ||    15
       Bread ration      |       |     1 |       |       |       ||     1
       Royal jelly       |       |       |     3 |     3 |       ||     6
       Meat ration       |       |       |     1 |     2 |       ||     3
       Fruit             |       |       |       |     6 |       ||     6
Armor: Robe              |    19 |    87 |   233 |   294 |    30 ||   663
       Skin              |       |       |     9 |     7 |       ||    16
Dodge: Dodged            |    74 |    51 |   163 |   271 |    45 ||   604
Block: Shield            |       |    90 |   365 |   808 |    63 ||  1326
